 Dungeon Crawl Stone Soup version 0.25-a0-41-g6cf4ce537d (webtiles) character file.

Game seed: 7820894143276169561, levelgen mode: deterministic

51 Alarkh the Slasher (level 3, 12/29 HPs)
             Began as a Demonspawn Fighter on Oct 21, 2019.
             Quit the game on level 2 of the Dungeon.
             The game lasted 00:00:27 (119 turns).

Alarkh the Slasher (Demonspawn Fighter)              Turns: 119, Time: 00:00:28

Health: 12/29      AC:  6    Str: 21    XL:     3   Next: 58%
Magic:  3/3        EV:  7    Int: 10    God:
Gold:   4          SH:  9    Dex: 14    Spells: 2/2 levels left

rFire    . . .     SeeInvis .   a - +0 long sword
rCold    . . .     Gourm    .   c - +0 shield
rNeg     . . .     Faith    .   b - +0 scale mail
rPois    .         Spirit   +   (no helmet)
rElec    .         Reflect  .   (no cloak)
rCorr    .         Harm     .   (no gloves)
MR       .....                  (no boots)
Stlth    +.........             (no amulet)
HPRegen  0.09/turn              (no ring)
MPRegen  0.08/turn              (no ring)

@: mighty
A: thin skeletal structure 1, magic shield
a: no special abilities


You were on level 2 of the Dungeon.
You were not hungry.

You visited 1 branch of the dungeon, and saw 2 of its levels.

You collected 4 gold pieces.

Inventory:

Hand Weapons
 a - a +0 long sword (weapon)
Armour
 b - a +0 scale mail (worn)
 c - a +0 shield (worn)
Potions
 d - a potion of might
Comestibles
 f - a ration
 g - 6 chunks of flesh


   Skills:
 - Level 3.0 Fighting
 + Level 3.6 Long Blades
 - Level 2.6 Armour
 - Level 2.6 Shields


You had 2 spell levels left.
You didn't know any spells.
Your spell library was empty.

Dungeon Overview and Level Annotations

Branches:
Dungeon (1/15)

Altars:


Innate Abilities, Weirdness & Mutations

You have a somewhat thin skeletal structure. (Dex +2, Stealth)
When hurt, damage is shared between your health and your magic reserves.


Message History

The gnoll hits you but does no damage. The dart slug launches a dart at you.
The slug dart hits you.
You slash the gnoll!
You kill the gnoll!
The dart slug barely misses you.
You see here a +0 halberd.
The dart slug bites you but does no damage.
You see here a +0 halberd.
You slash the dart slug!
The dart slug is almost dead.
The dart slug launches a dart at you. The slug dart misses you.
You slash the dart slug!
You kill the dart slug!
Items here: )) ††† a +0 flail x2; a dart slug corpse; a gnoll corpse x2
You start resting.
Magic restored.
Are you sure you want to abandon this character and quit the game? (Confirm with "yes".)

####### #..g...g..#
.......##..g...h..##
.......#...#####...#
.......#.### ###.#
.......#.# #.# ......h.g#
#.### ........## #...##...
.##.###..#########.......%
.. #.........@)..##.....
#(#....######## #....
#)#....... #### #.........
................
....#...##...... .. >....#
...... #....... ...$.
#...#.## ##..#


There were no monsters in sight!

Vanquished Creatures
  4 gnolls (D:2)
  A dart slug (D:2)
  3 hobgoblins
  3 jackals (D:2)
  A kobold (D:1)
12 creatures vanquished.

Notes
Turn   | Place    | Note
-------+----------+-------------------------------------------
     0 | D:1      | Alarkh the Demonspawn Fighter began the quest for the Orb.
     0 | D:1      | Reached XP level 1. HP: 18/18 MP: 1/1
    52 | D:1      | You fall into a shaft and drop 1 floor!
    85 | D:2      | Gained mutation: When hurt, damage is shared between your
                  | health and your magic reserves. [demonic ancestry]
    85 | D:2      | Reached XP level 2. HP: 22/24 MP: 2/2
    92 | D:2      | Gained mutation: You have a somewhat thin skeletal
                  | structure. (Dex +2, Stealth) [demonic ancestry]
    92 | D:2      | Reached XP level 3. HP: 24/29 MP: 3/3
   119 | D:2      | Quit the game

Levels and vault maps discovered:
D:1:      dpeg_arrival_another_circle, layout_loops_ring, st_stairs_1,
          minmay_misc_feat_iff, minmay_tiny_reverse_x
D:2:      layout_rooms, chequers_temple_overflow_statue_of_worship

Skill      XL: |  1  2 |
---------------+-------+-----
Long Blades    | 2 3 |  3.6
Fighting       | |  3.0
Armour         | |  2.6
Shields        | |  2.6

Action                   || total
-------------------------++-------
Melee: Long sword        ||    23
  Use: Potion            ||     1
Armor: Scale mail        ||     9
Dodge: Dodged            ||     7
Block: Shield            ||    15
       Rpst.: Long sword ||     1

Table legend:
 A = Non-vault XP
 B = Vault XP
 C = Vault XP percentage of total XP
 D = Non-vault monster count
 E = Vault monster count
 F = Vault count percentage of total count
                 A         B        C        D         E       F
            +---------+---------+-------+---------+---------+-------
      Total |      74 |       0 |   0.0 |      12 |       0 |   0.0
            +---------+---------+-------+---------+---------+-------
        D:1 |       5 |       0 |   0.0 |       3 |       0 |   0.0
        D:2 |      69 |       0 |   0.0 |       9 |       0 |   0.0
            +---------+---------+-------+---------+---------+-------
